Map: Emerald City LE

Players

NeverSink

  • Race: Zerg Zerg
  • Spawn Location: 11:00

Ego

  • Race: Protoss Protoss
  • Spawn Location: 11:00

Massa - Winner!

  • Race: Terran Terran
  • League: Platinum
  • Spawn Location: 5:00

qqq - Winner!

  • Race: Zerg Zerg
  • League: Platinum
  • Spawn Location: 5:00

VOD

Have the link to the VOD?

Description

Time

  • Played on: Nov. 21, 2020, 9:33 a.m.
  • Length: 20:46
Show
View Real Time Build Order
Export as new Build Order

NeverSink Zerg 

Build Orders: Hatch First, Swarm Host 

Get SALT Encoding   

  12  0:01  Drone  
  13  0:12  Overlord  
  13  0:17  Drone  
  14  0:32  Drone x2  
  16  0:53  Drone  
  17  1:00  Hatchery  
  16  1:10  Spawning Pool  
  15  1:12  Drone  
  15  1:15  Drone  
  17  1:25  Extractor  
  17  1:29  Drone x2  
  18  1:37  Overlord  
  18  1:51  Drone  
  19  1:57  Queen  
  21  2:04  Drone  
  22  2:21  Queen  
  24  2:25  Drone  
  24  2:27  Hatchery  
  24  2:28  Drone  
  25  2:35  Drone  
  25  2:36  Drone  
  27  2:39  Drone  
  28  2:56  Roach Warren  
  28  2:58  Drone x3  
  30  3:08  Queen  
  30  3:10  Metabolic Boost  
  32  3:14  Zergling x2  
  33  3:23  Drone  
  33  3:24  Drone x2  
  36  3:27  Overlord  
  36  3:39  Spore Crawler  
  35  3:43  Drone x2, Spore Crawler  
  35  3:45  Lair  
  36  3:52  Extractor  
  36  3:54  Extractor  
  34  3:56  Drone x3  
  34  3:57  Extractor  
  38  4:14  Roach  
  38  4:15  Roach x2  
  44  4:18  Roach  
  43  4:32  Roach x2  
  43  4:33  Roach  
  49  4:40  Overlord x2  
  49  4:52  Spine Crawler x2  
  43  4:53  Roach x4  
  47  5:06  Spine Crawler  
  46  5:07  Spine Crawler  
  46  5:09  Roach x2  
  41  5:37  Roach x3  
  41  6:00  Drone  
  41  6:03  Drone x5  
  41  6:04  Drone  
  46  6:06  Drone  
  46  6:07  Drone x3  
  46  6:08  Drone x2  
  46  6:10  Overlord  
  46  6:11  Overlord x2  
  52  6:25  Hatchery  
  51  6:30  Drone  
  52  6:33  Drone x3  
  55  6:44  Evolution Chamber x2, Infestation Pit  
  52  6:49  Glial Reconstitution  
  52  6:51  Drone x2  
  52  6:53  Drone  
  55  7:12  Roach  
  55  7:13  Roach x5  
  67  7:28  Roach x4  
  75  7:35  Zerg Missile Weapons Level 1  
  75  7:38  Hydralisk Den  
  72  7:50  Drone x4  
  67  7:52  Queen  
  69  7:59  Roach x3  
  69  8:05  Spine Crawler  
  74  8:06  Drone  
  75  8:15  Spore Crawler  
  75  8:16  Spine Crawler  
  73  8:20  Drone  
  73  8:21  Drone x3  
  77  8:30  Zerg Ground Armor Level 1  
  77  8:59  Extractor  
  75  9:04  Extractor  
  68  9:10  Drone x2  
  68  9:11  Drone x5  
  68  9:14  Drone x3  
  68  9:15  Drone x3  
  77  9:23  Drone x6  
  82  9:24  Spine Crawler  
  82  9:30  Drone  
  82  9:32  Overlord x3  
  82  9:38  Zerg Missile Weapons Level 2  
  82  9:55  Grooved Spines  
  82  10:09  Drone x5  
  82  10:11  Drone x2  
  82  10:12  Drone x2  
  91  10:22  Drone x3  
  94  10:35  Drone x3  
  96  10:36  Drone x2  
  96  10:39  Hatchery  
  96  10:41  Spore Crawler  
  98  10:42  Drone  
  98  10:53  Swarm Host x2  
  98  10:54  Overlord x2  
  98  10:55  Overlord x4  
  104  11:06  Muscular Augments  
  104  11:07  Overlord x4  
  104  11:12  Zerg Ground Armor Level 2  
  104  11:23  Drone  
  104  11:24  Drone x2  
  107  11:31  Ravager  
  107  11:32  Ravager x12  
  120  11:41  Infestor x2  
  120  11:42  Infestor  
  120  11:43  Swarm Host x4  
  138  11:59  Pneumatized Carapace  
  138  12:08  Swarm Host x7  
  159  12:29  Spore Crawler  
  158  12:31  Spore Crawler  
  157  12:47  Overseer  
  157  12:53  Hatchery  
  157  12:56  Zergling x18  
  157  12:57  Zergling x10  
  170  13:03  Hive  
  170  13:08  Overlord x3  
  170  13:09  Lurker Den, Overlord x2  
  159  13:33  Hatchery, Drone  
  155  13:34  Drone x6  
  101  13:48  Overseer x3  
  101  13:51  Hydralisk  
  101  13:52  Hydralisk  
  105  14:19  Zergling x2  
  105  14:20  Roach x5  
  93  14:42  Hydralisk  
  93  14:43  Hydralisk x5  
  105  14:55  Adaptive Talons  
  105  14:56  Hatchery  
  104  15:02  Hatchery  
  103  15:13  Hatchery  
  99  15:41  Lurker  
  99  15:42  Lurker x7  
  107  15:45  Roach x2  
  111  15:58  Drone x5  
  116  16:19  Hydralisk x3  
  122  16:32  Zergling x2  
  123  16:33  Zergling x4  
  102  18:14  Hydralisk x11  
  102  18:15  Hydralisk x3  
  85  19:21  Hydralisk x5  
  66  20:30  Hatchery  
Show
View Real Time Build Order
Export as new Build Order

Ego Protoss 

Build Orders:  

Get SALT Encoding   

  12  0:00  Probe  
  13  0:12  Probe  
  14  0:20  Pylon  
  14  0:24  Probe  
  15  0:35  Assimilator  
  15  0:38  Probe (Chrono Boost)  
  16  0:48  Probe (Chrono Boost)  
  17  0:53  Probe (Chrono Boost)  
  18  1:05  Probe  
  19  1:17  Probe  
  20  1:18  Gateway  
  20  1:22  Pylon  
  20  1:29  Probe  
  21  1:49  Nexus  
  21  1:51  Pylon  
  21  1:57  Probe  
  21  1:59  Assimilator  
  22  2:05  Cybernetics Core  
  22  2:13  Probe  
  23  2:26  Probe (Chrono Boost)  
  25  2:37  Probe (Chrono Boost)  
  25  2:39  Adept (Chrono Boost)  
  25  2:42  Probe (Chrono Boost)  
  25  2:43  Warp Gate  
  27  3:03  Probe x2  
  28  3:16  Probe (Chrono Boost)  
  29  3:24  Probe (Chrono Boost)  
  29  3:25  Stargate  
  30  3:28  Probe (Chrono Boost)  
  30  3:30  Gateway  
  30  3:31  Gateway  
  32  3:34  Probe (Chrono Boost)  
  32  3:36  Probe (Chrono Boost)  
  32  3:39  Probe (Chrono Boost)  
  34  3:42  Probe  
  34  3:44  Adept  
  37  3:53  Probe  
  37  3:54  Probe  
  39  4:05  Probe  
  39  4:06  Probe, Oracle (Chrono Boost)  
  39  4:07  Assimilator  
  44  4:10  Assimilator  
  42  4:33  Zealot x2  
  46  4:40  Pylon  
  46  4:41  Pylon  
  46  4:51  Stalker  
  37  5:05  Stalker  
  37  5:06  Stalker  
  21  5:23  Probe x2  
  21  5:26  Stalker  
  25  5:32  Zealot x2  
  29  5:36  Probe x2 (Chrono Boost)  
  31  5:48  Probe x2 (Chrono Boost)  
  31  5:49  Zealot  
  35  5:54  Probe x2 (Chrono Boost)  
  37  6:02  Probe x2  
  37  6:03  Stalker x2  
  43  6:14  Probe (Chrono Boost)  
  43  6:15  Probe (Chrono Boost)  
  45  6:24  Probe (Chrono Boost)  
  45  6:25  Probe (Chrono Boost)  
  47  6:26  Robotics Facility  
  47  6:29  Probe x2 (Chrono Boost)  
  47  6:31  Pylon  
  49  6:40  Probe (Chrono Boost)  
  49  6:42  Probe (Chrono Boost)  
  49  6:43  Twilight Council  
  51  6:52  Probe (Chrono Boost)  
  53  6:58  Probe (Chrono Boost)  
  53  7:00  Probe (Chrono Boost)  
  54  7:05  Probe  
  54  7:07  Probe, Charge (Chrono Boost)  
  56  7:11  Zealot x3  
  56  7:14  Observer  
  63  7:17  Probe  
  64  7:35  Immortal  
  68  7:46  Forge  
  68  7:48  Nexus  
  68  7:50  Pylon  
  68  8:07  Pylon  
  68  8:10  Shield Battery  
  68  8:15  Stalker x2  
  68  8:16  Stalker  
  68  8:17  Protoss Ground Weapons Level 1 (Chrono Boost)  
  74  8:37  Photon Cannon, Blink (Chrono Boost)  
  74  8:42  Zealot x3  
  80  9:13  Stalker x3  
  84  9:20  Immortal  
  88  9:26  Robotics Bay  
  88  9:27  Gateway  
  88  9:28  Probe (Chrono Boost)  
  88  9:29  Probe x2 (Chrono Boost)  
  91  9:33  Pylon  
  91  9:34  Pylon  
  91  9:38  Probe x2 (Chrono Boost), Zealot  
  95  9:40  Zealot  
  97  9:54  Phoenix  
  99  10:12  Gateway  
  99  10:13  Gateway  
  99  10:15  Templar Archives  
  99  10:16  Gateway  
  99  10:19  Probe x3, Phoenix  
  104  10:23  Assimilator  
  104  10:26  Protoss Ground Weapons Level 2 (Chrono Boost)  
  104  10:27  Assimilator  
  104  10:31  Probe  
  105  10:48  Phoenix  
  107  10:51  High Templar x2  
  107  10:52  High Templar x2  
  115  11:13  Phoenix  
  115  11:17  Archon  
  117  11:19  Archon  
  117  11:32  Pylon  
  117  11:33  Pylon  
  117  11:34  Pylon x2  
  117  11:38  Pylon  
  117  11:39  Pylon  
  117  11:40  Extended Thermal Lance (Chrono Boost)  
  117  11:42  Forge  
  117  11:46  Colossus (Chrono Boost)  
  117  11:50  Phoenix  
  125  12:15  Phoenix  
  124  12:26  High Templar x4  
  124  12:27  High Templar x3  
  138  12:30  Colossus (Chrono Boost), Archon x2  
  138  12:31  Archon  
  144  12:57  Protoss Ground Weapons Level 3  
  144  12:58  Protoss Ground Armor Level 1  
  144  13:10  High Templar  
  144  13:11  High Templar x2  
  144  13:12  Stalker x3  
  152  13:13  Stalker  
  152  13:15  Archon  
  152  13:16  Archon  
  150  13:30  Nexus  
  108  14:25  Stalker x5  
  108  14:26  Immortal (Chrono Boost), Stalker x2  
  122  14:49  Stalker x4  
  122  14:50  Stalker x3  
  136  14:58  Immortal  
  140  15:01  Robotics Facility  
  110  15:33  Colossus (Chrono Boost)  
  104  15:36  Stalker x2  
  104  15:37  Stalker x5  
  124  15:49  Observer (Chrono Boost)  
  123  16:01  Nexus  
  123  16:03  Observer (Chrono Boost)  
  124  16:06  Pylon  
  124  16:09  High Templar x3  
  124  16:10  High Templar  
  132  16:13  Archon  
  132  16:20  Colossus  
  132  16:22  Observer  
  132  16:23  Archon  
  113  16:53  Stalker x6  
  113  16:54  Stalker  
  127  17:02  Immortal  
  131  17:14  Observer  
  111  17:35  Immortal  
  115  17:41  Immortal  
  100  17:56  Probe  
  100  17:57  Probe  
  95  18:09  Probe x2  
  96  18:15  Immortal  
  100  18:21  Probe x2  
  94  18:28  Colossus  
  94  18:33  Probe x2  
  99  18:45  Probe  
  95  18:54  Observer  
  68  19:15  Observer  
  49  19:22  Observer  
  42  19:29  Stalker x7  
  56  19:53  High Templar  
  56  19:54  High Templar x2  
  56  19:55  High Templar  
  56  19:56  High Templar x2  
  56  19:58  Archon  
  56  19:59  Archon  
  68  20:00  Archon  
  68  20:04  Immortal  
Show
View Real Time Build Order
Export as new Build Order

Massa Terran - Winner!

Build Orders:  

Get SALT Encoding   

  12  0:00  SCV  
  13  0:12  SCV  
  14  0:21  Supply Depot  
  14  0:24  SCV  
  15  0:43  SCV  
  15  0:45  Barracks  
  16  0:51  Refinery  
  16  0:55  SCV  
  17  1:07  SCV  
  18  1:19  SCV  
  19  1:31  SCV  
  20  1:34  Reaper  
  20  1:39  Command Center  
  21  1:47  Supply Depot  
  21  1:54  Orbital Command  
  21  2:06  Marine  
  22  2:13  Factory  
  22  2:20  SCV  
  23  2:29  Barracks Reactor  
  23  3:04  Orbital Command  
  23  3:06  SCV  
  24  3:18  SCV  
  24  3:30  SCV, Supply Depot  
  24  3:31  Hellion  
  24  3:32  Hellion  
  29  3:34  Barracks Tech Lab  
  29  3:36  SCV  
  30  3:42  SCV  
  31  3:48  SCV  
  31  3:49  Refinery  
  31  3:50  Command Center  
  31  3:52  Engineering Bay  
  31  3:53  Hellion x2  
  31  3:54  SCV  
  37  4:00  SCV  
  38  4:04  Starport  
  38  4:06  SCV  
  38  4:09  Stimpack  
  39  4:10  Marine  
  39  4:14  Hellion  
  42  4:28  Marauder  
  42  4:30  SCV x2  
  46  4:38  Barracks  
  46  4:40  Barracks  
  46  4:42  SCV x2  
  46  4:43  Supply Depot  
  46  4:45  Supply Depot  
  48  4:49  Marauder  
  48  5:13  Marine  
  34  5:29  Missile Turret  
  34  5:31  Marine  
  34  5:32  SCV x2  
  34  5:35  Barracks Reactor, Barracks Tech Lab, Missile Turret  
  37  5:41  Widow Mine x2  
  41  5:44  SCV x2  
  41  5:46  Starport Reactor  
  41  5:48  Marine  
  44  5:50  Refinery  
  44  5:56  SCV x2  
  46  5:57  Combat Shield  
  46  6:02  Widow Mine x2  
  50  6:06  Marine  
  50  6:08  SCV x2  
  53  6:11  Concussive Shells  
  53  6:13  Marauder, Marine x2  
  58  6:20  SCV x2  
  58  6:24  Orbital Command, Marine  
  60  6:30  Marine  
  60  6:32  SCV x2  
  63  6:44  SCV x2, Command Center, Terran Infantry Weapons Level 1  
  65  6:48  Armory  
  65  6:54  Refinery  
  65  6:56  SCV  
  65  6:57  SCV x2  
  68  7:02  Refinery  
  68  7:03  Refinery  
  68  7:05  Medivac  
  70  7:08  SCV  
  70  7:09  SCV x2  
  70  7:12  Liberator  
  70  7:13  Marine x3  
  70  7:14  Marine  
  80  7:21  SCV x2  
  82  7:23  Widow Mine  
  84  7:31  Marine  
  84  7:32  Supply Depot  
  84  7:33  Supply Depot  
  84  7:34  Supply Depot  
  84  7:35  Supply Depot  
  85  7:53  SCV x3, Marine x3  
  85  7:54  Widow Mine x2, Marine  
  85  7:55  Supply Depot  
  85  7:56  Supply Depot x2  
  96  8:05  SCV x3  
  99  8:17  SCV x3, Medivac x2  
  99  8:18  Supply Depot  
  106  8:20  Supply Depot  
  106  8:26  Widow Mine x2  
  110  8:28  Marauder x2, Marine  
  110  8:30  SCV x2  
  117  8:38  SCV  
  118  8:42  SCV x2  
  118  8:43  Missile Turret  
  118  8:47  Widow Mine x2  
  124  8:49  Marauder  
  124  8:50  SCV  
  124  8:54  SCV  
  117  9:20  Medivac x2  
  119  9:30  Marauder x2, Marine x2  
  125  9:34  Planetary Fortress  
  125  9:38  SCV x3  
  128  9:43  Barracks  
  128  9:48  Factory, Marine  
  128  9:50  SCV x2, Barracks, Factory Tech Lab  
  128  9:51  Marauder x2  
  135  9:55  Marine  
  135  9:58  Terran Infantry Armor Level 1  
  136  10:02  Engineering Bay  
  136  10:04  Armory  
  136  10:06  Marine  
  137  10:12  Marauder  
  137  10:13  Marauder, Supply Depot  
  137  10:14  Supply Depot  
  141  10:21  Missile Turret  
  141  10:23  Refinery  
  141  10:27  Refinery  
  141  10:30  Marine x2  
  141  10:33  Barracks Tech Lab  
  141  10:34  Marauder x2  
  141  10:35  Supply Depot  
  147  10:38  Supply Depot  
  148  10:42  SCV  
  148  10:43  SCV x3  
  148  10:44  Factory Tech Lab  
  148  10:45  Barracks Tech Lab  
  148  10:48  Marine  
  148  10:49  Siege Tank  
  155  10:55  SCV x4, Marauder x2, Drilling Claws  
  163  10:59  Supply Depot  
  163  11:01  Supply Depot  
  163  11:10  SCV x2  
  163  11:11  SCV x2  
  167  11:12  Command Center  
  167  11:15  Missile Turret  
  167  11:17  Marauder  
  169  11:19  Siege Tank  
  169  11:21  Siege Tank  
  169  11:22  SCV, Terran Infantry Weapons Level 2, Supply Depot  
  169  11:23  SCV x3, Terran Vehicle Weapons Level 1  
  169  11:24  Terran Vehicle And Ship Armor Level 1  
  179  11:35  SCV  
  180  11:40  SCV x3  
  184  11:47  SCV  
  184  11:51  Ghost Academy, Siege Tank  
  184  11:52  SCV x3  
  184  11:53  Siege Tank  
  193  11:59  SCV  
  194  12:14  Smart Servos  
  194  12:23  Marauder x3  
  200  12:33  Planetary Fortress  
  200  12:35  Refinery  
  200  12:38  Refinery  
  200  12:42  Command Center  
  200  12:45  Command Center  
  196  12:59  Marauder x2  
  189  14:13  Siege Tank x2  
  158  14:28  Ghost x4  
  158  14:30  Marine  
  158  14:31  Marine  
  168  14:33  Enhanced Shockwaves  
  168  14:37  Medivac, Ghost Academy  
  168  14:38  Medivac  
  172  14:39  Terran Infantry Armor Level 2  
  172  14:40  Terran Infantry Weapons Level 3, Terran Vehicle Weapons Level 2  
  172  14:41  Terran Vehicle And Ship Armor Level 2  
  172  14:45  Siege Tank x2  
  178  14:47  Orbital Command  
  178  14:48  Marine x2  
  180  14:56  Ghost x2  
  180  14:57  Marine  
  180  14:58  Marauder  
  187  15:06  Marine  
  188  15:07  Medivac  
  188  15:08  Medivac  
  192  15:15  Marauder  
  192  15:17  Siege Tank x2  
  192  15:19  Missile Turret  
  200  15:22  Missile Turret  
  200  15:40  Missile Turret  
  200  15:44  Missile Turret  
  200  16:00  Missile Turret  
  174  16:28  Marauder x2  
  174  16:29  Marauder x2, Marine  
  174  16:30  Marine  
  160  16:46  Personal Cloaking  
  158  16:47  Nuke, Marine x2  
  158  16:50  Marauder x4  
  168  17:05  Marine x2  
  170  17:11  Barracks x3, Marauder x4  
  170  17:13  Barracks  
  178  17:20  Orbital Command  
  178  17:23  Marine x2  
  180  17:32  Marauder  
  180  17:33  Marauder x3  
  188  17:41  Marine  
  189  17:46  Command Center  
  189  17:50  Medivac x2  
  193  17:54  Marauder x2  
  197  18:12  Nuke  
  197  18:20  Medivac  
  136  19:20  Ghost x4  
  136  19:22  Barracks Tech Lab x3  
  136  19:23  Barracks Tech Lab  
  136  19:24  Marine x2  
  127  19:41  Marine x2  
  129  19:48  Ghost  
  129  19:50  Marauder x3  
  137  19:59  Marine x2  
  139  20:05  Marauder  
  139  20:06  Marauder x3  
  147  20:11  Marauder x3  
  153  20:17  Marine x2  
  153  20:18  Marauder  
Show
View Real Time Build Order
Export as new Build Order

qqq Zerg - Winner!

Build Orders: Hatch First, Lurkers, Muta Ling Bane 

Get SALT Encoding   

  12  0:00  Drone  
  13  0:09  Drone  
  14  0:29  Overlord  
  14  0:48  Drone  
  15  0:54  Drone, Hatchery  
  15  0:55  Drone  
  16  1:07  Drone  
  17  1:22  Spawning Pool  
  16  1:45  Drone x3  
  19  1:49  Extractor  
  18  2:01  Drone  
  18  2:06  Drone  
  18  2:07  Drone  
  21  2:09  Queen  
  21  2:10  Queen  
  25  2:29  Drone, Zergling x2  
  27  2:35  Overlord  
  28  2:44  Zergling x2  
  28  2:51  Hatchery  
  27  2:52  Overlord  
  27  2:53  Drone  
  27  2:54  Zergling x4  
  30  3:00  Metabolic Boost  
  30  3:04  Zergling x2  
  31  3:07  Drone  
  32  3:14  Zergling x2  
  33  3:21  Zergling x4  
  33  3:22  Zergling x2  
  33  3:23  Drone  
  33  3:25  Zergling x2  
  38  3:40  Zergling x4  
  38  3:41  Drone  
  41  3:42  Zergling x4  
  43  3:51  Drone, Baneling Nest  
  43  3:52  Zergling x2  
  43  3:54  Overlord  
  44  4:07  Extractor  
  43  4:10  Zergling x6  
  43  4:11  Drone, Zergling x2  
  43  4:14  Overlord  
  48  4:20  Drone  
  48  4:21  Zergling x2  
  50  4:28  Spine Crawler  
  50  4:30  Zergling x4  
  50  4:31  Zergling x2  
  53  4:51  Zergling x4  
  53  4:52  Drone x3, Zergling x2  
  56  4:53  Drone, Zergling x4  
  52  5:07  Zergling x2  
  52  5:09  Drone, Zergling x4  
  52  5:11  Spore Crawler  
  54  5:14  Spore Crawler  
  54  5:15  Lair  
  49  5:34  Zergling x4  
  49  5:35  Drone x2, Zergling x4  
  52  5:36  Zergling x2  
  52  5:42  Queen  
  52  5:43  Drone  
  52  5:44  Zergling x2  
  48  6:06  Spine Crawler x2  
  48  6:09  Drone x5  
  48  6:10  Drone x2  
  48  6:11  Drone x6  
  56  6:16  Extractor  
  56  6:17  Extractor  
  57  6:20  Extractor, Zergling x2  
  57  6:26  Zergling x2  
  57  6:27  Drone x2  
  57  6:28  Drone  
  61  6:43  Drone  
  61  6:44  Drone x4  
  61  6:45  Overlord x2  
  66  6:51  Hatchery  
  66  6:52  Spire  
  64  6:55  Drone x2  
  64  6:56  Overlord  
  66  7:02  Infestation Pit  
  66  7:04  Drone x3  
  68  7:13  Drone x2  
  70  7:15  Hydralisk Den  
  70  7:16  Overlord x2  
  70  7:17  Drone  
  70  7:26  Drone  
  70  7:27  Drone, Overlord  
  72  7:30  Zergling x2  
  73  7:42  Zergling x12  
  73  7:43  Drone x2  
  73  7:44  Drone x4  
  81  7:57  Muscular Augments  
  81  7:58  Centrifical Hooks, Lurker Den  
  80  8:00  Zergling x6  
  80  8:01  Zergling x2  
  80  8:02  Baneling x2  
  80  8:03  Baneling x4  
  80  8:04  Mutalisk x3  
  90  8:06  Drone x3  
  90  8:08  Extractor  
  90  8:09  Extractor  
  91  8:17  Mutalisk x2  
  91  8:19  Drone x2  
  97  8:25  Evolution Chamber  
  97  8:26  Zerg Flyer Weapons Level 1  
  96  8:27  Evolution Chamber  
  95  8:34  Hydralisk x2  
  95  8:36  Drone  
  95  8:37  Drone x2  
  102  8:49  Mutalisk x2, Hydralisk  
  108  8:56  Hatchery, Overlord x2  
  108  8:57  Drone x2  
  108  8:58  Drone x2  
  111  9:04  Spine Crawler, Spore Crawler  
  111  9:09  Hive  
  109  9:10  Zerg Missile Weapons Level 1  
  109  9:12  Zerg Melee Weapons Level 1  
  109  9:18  Hatchery  
  109  9:20  Drone x2  
  109  9:21  Drone  
  109  9:23  Extractor  
  110  9:27  Hydralisk x3  
  110  9:31  Lurker  
  117  9:32  Lurker  
  117  9:35  Baneling x2  
  117  9:37  Baneling  
  118  9:38  Baneling  
  116  10:07  Mutalisk x4  
  116  10:09  Drone x4  
  116  10:10  Zergling x10  
  116  10:11  Overlord  
  116  10:12  Overlord x6  
  133  10:14  Extractor  
  132  10:29  Queen  
  132  10:32  Ultralisk Cavern  
  132  10:34  Baneling  
  132  10:35  Baneling x4  
  133  10:43  Spine Crawler  
  133  10:44  Spine Crawler  
  131  10:54  Hydralisk  
  131  10:55  Hydralisk  
  135  10:58  Lurker x2  
  135  10:59  Lurker x2  
  139  11:05  Zerg Ground Armor Level 1  
  139  11:08  Hydralisk x2  
  139  11:09  Zergling x10  
  139  11:10  Zergling x4  
  139  11:11  Drone x6  
  153  11:14  Drone  
  153  11:15  Drone x2  
  159  11:30  Anabolic Synthesis  
  159  11:32  Seismic Spines  
  159  11:42  Zerg Missile Weapons Level 2  
  159  11:47  Baneling  
  159  11:48  Baneling x4  
  159  11:49  Baneling  
  159  11:50  Drone x5  
  159  11:51  Drone x4  
  168  12:08  Extractor  
  168  12:09  Spine Crawler  
  168  12:10  Extractor, Drone x2, Spine Crawler  
  168  12:12  Spine Crawler, Chitinous Plating  
  168  12:15  Ultralisk x2  
  177  12:18  Greater Spire  
  177  12:20  Extractor  
  177  12:22  Extractor  
  175  12:29  Adaptive Talons  
  175  12:32  Adrenal Glands  
  175  12:40  Corruptor x2  
  175  12:41  Overlord x2  
  175  12:42  Overlord x8  
  179  12:44  Drone x4  
  179  12:45  Drone x2  
  185  12:56  Spine Crawler  
  184  12:58  Zerg Melee Weapons Level 2  
  174  13:50  Corruptor x6  
  174  13:51  Corruptor  
  174  13:52  Ultralisk x2  
  200  13:59  Drone x3  
  200  14:02  Ultralisk  
  197  14:17  Lurker x4  
  198  14:45  Zergling x6  
  198  14:46  Zergling x6  
  198  14:47  Drone x4  
  200  14:56  Spine Crawler  
  200  14:58  Spine Crawler  
  157  15:27  Ultralisk  
  157  15:28  Ultralisk x8  
  181  15:33  Hydralisk x3  
  198  15:36  Zerg Melee Weapons Level 3  
  198  15:37  Zerg Ground Armor Level 2  
  198  15:40  Brood Lord  
  197  16:06  Overseer x2  
  197  16:07  Pneumatized Carapace  
  197  16:23  Brood Lord  
  199  16:46  Spine Crawler  
  199  16:47  Hatchery, Spine Crawler x2  
  197  16:52  Spine Crawler  
  194  16:58  Spine Crawler x2  
  175  17:24  Corruptor  
  175  17:25  Corruptor x5  
  147  17:53  Zerg Missile Weapons Level 3  
  117  17:58  Ultralisk x2  
  117  17:59  Zergling x10, Ultralisk x2  
  117  18:00  Ultralisk x3  
  117  18:02  Drone x3  
  155  18:07  Drone  
  150  18:32  Spine Crawler  
  150  18:33  Spine Crawler  
  148  18:35  Brood Lord x2  
  148  18:36  Brood Lord x4, Corruptor x2  
  148  18:37  Corruptor x7  
  148  18:39  Drone x4  
  148  18:40  Drone x2  
  184  19:04  Drone  
  184  19:05  Drone x3  
  188  19:17  Baneling  
  188  19:18  Baneling x9  
  188  19:21  Drone x2  
  188  19:22  Ultralisk  
  188  19:24  Hydralisk x2  
  200  19:42  Spore Crawler  
  200  19:43  Spine Crawler  
  200  19:44  Spine Crawler  
Tags
 
Add a new tag
Caveats
  • Supply blocks, unpowered buildings, or Contaminate may cause inaccurate times.
  • Supply counts are checked every 10 seconds.